 Dungeon Crawl Stone Soup version 0.28-a0-697-g47f3eba078 (webtiles) character file.

Game seed: 15658599302246149720

89 siradein the Conjurer (level 4, -2/24 HPs)
             Began as a Deep Elf Conjurer on Oct 23, 2021.
             Slain by a centaur (6 damage)
             ... on level 3 of the Dungeon.
             The game lasted 00:03:31 (1990 turns).

siradein the Conjurer (Deep Elf Conjurer)           Turns: 1990, Time: 00:03:31

Health: -2/24      AC:  2    Str:  4    XL:     4   Next: 31%
Magic:  4/12       EV: 13    Int: 24    God:
Gold:   57         SH:  0    Dex: 13    Spells: 8/11 levels left

rFire   . . .      SeeInvis .   (no weapon)
rCold   . . .      Faith    .   (no shield)
rNeg    . . .      Spirit   .   a - +0 robe
rPois   .          Reflect  .   (no helmet)
rElec   .          Harm     .   f - scarf {repulsion}
rCorr   .          Rampage  .   (no gloves)
Will    .....                   (no boots)
Stlth   ++........              (no amulet)
HPRegen 0.08/turn               (no ring)
MPRegen 0.13/turn               (no ring)

@: repel missiles
A: no striking features
a: no special abilities


You were on level 3 of the Dungeon.
You visited 1 branch of the dungeon, and saw 3 of its levels.

You collected 57 gold pieces.

Inventory:

Armour
 a - a +0 robe (worn)
 f - a scarf of repulsion (worn)
Scrolls
 c - 2 scrolls of magic mapping {unknown}
 d - a scroll of blinking {unknown}
 g - a scroll of immolation {unknown}
 h - a scroll of teleportation {unknown}
 i - 2 scrolls of torment {unknown}
 m - a scroll of enchant armour {unknown}
Potions
 b - 3 potions of mutation {unknown}
 e - 2 potions of curing {unknown}
 j - a potion of haste {unknown}
 k - a potion of attraction {unknown}
 l - a potion of heal wounds {unknown}


   Skills:
 + Level 3.7 Dodging
 - Level 2.4 Stealth
 + Level 4.3 Spellcasting
 + Level 5.1 Conjurations


You had 8 spell levels left.
You knew the following spells:

 Your Spells              Type           Power      Damage    Failure   Level
a - Magic Dart            Conj           100%       1d8       1%          1
b - Searing Ray           Conj           60%        2d6       1%          2

Your spell library contained the following spells:

 Spells                   Type           Power      Damage    Failure   Level
 Foxfire                  Conj/Fire      68%        2x1d7     3%          1
 Sandblast                Erth           10%        2d5       10%         1
 Dazzling Flash           Conj/Hex       34%        N/A       10%         3
 Stone Arrow              Conj/Erth      34%        3d9       10%         3
 Call Imp                 Summ           5%         N/A       14%         2
 Passwall                 Tmut/Erth      4%         N/A       14%         2
 Mephitic Cloud           Conj/Pois/Air  13%        N/A       14%         3
 Fulminant Prism          Conj/Hex       8%         3d7       32%         4
 Iskenderun's Mystic Bla  Conj/Tloc      17%        2d5       32%         4


Dungeon Overview and Level Annotations

Branches:
Dungeon (3/15)

Altars:
Nemelex Xobeh


Message History

The searing ray hits the bush but does no damage.
The bush is lightly damaged.
The searing ray hits the bush!
The bush is lightly damaged.
The centaur completely misses you. The centaur kicks you.
The searing ray hits the centaur.
The centaur is heavily wounded.
The searing ray hits the bush but does no damage.
The bush is lightly damaged.
The searing ray hits the bush but does no damage.
The bush is lightly damaged.
You finish channelling your searing ray.
The centaur hits you. The centaur closely misses you. The centaur hits you.
The centaur kicks you but does no damage.
Casting: Searing Ray (safe; 1% risk of failure)
Confirm with . or Enter, or press ? or * to list all spells.
Aiming: Searing Ray (safe; 1% risk of failure)
Press: ? - help, Shift-Dir - straight line, f/p - centaur
Aim: a centaur, quivering arrows (heavily wounded, 87% to hit)
The searing ray hits the centaur.
The centaur is severely wounded.
The searing ray hits the bush.
The bush is lightly damaged.
The searing ray hits the bush!
The bush is moderately damaged. (Press . to maintain the ray.)
The centaur hits you.
* * * LOW HITPOINT WARNING * * *
The centaur barely misses you.
The searing ray hits the centaur.
The centaur is almost dead.
The searing ray hits the bush but does no damage.
The bush is lightly damaged.
The searing ray hits the bush but does no damage.
The bush is moderately damaged.
The centaur hits you.
* * * LOW HITPOINT WARNING * * *
The centaur kicks you but does no damage.
The centaur hits you.
You die...

#..# ########
#......... ...#
#......# #........
#.####......###..P..PP
....>#...........PP..P
#...........###..PP..P
#..........## #...PP
#..........# #._.PP..P
#..........# #...PP..P
###....##### ##@PP..P
##.#+# #.cP..PP #..
#.PP..P #... #.P..PP
##.P..P #..P..P
#.PP..P ...P..PP ....P
..P


You could see a centaur.

Vanquished Creatures
  An iguana (D:3)
  An adder (D:3)
  A worm (D:2)
  A dart slug (D:1)
  An orc (D:3)
  4 bats (D:1)
  5 endoplasms
  A giant cockroach (D:2)
  4 goblins
  3 hobgoblins
  5 quokkas
  4 ball pythons
  A frilled lizard (D:1)
  6 kobolds
  7 rats
45 creatures vanquished.

Vanquished Creatures (others)
  2 fungi (D:3)
  2 plants (D:3)
4 creatures vanquished.

Grand Total: 49 creatures vanquished

Notes
Turn   | Place    | Note
-------+----------+-------------------------------------------
     0 | D:1      | siradein the Deep Elf Conjurer began the quest for the Orb.
     0 | D:1      | Reached XP level 1. HP: 10/10 MP: 6/6
   262 | D:1      | Reached XP level 2. HP: 10/15 MP: 4/8
   715 | D:1      | Learned a level 2 spell: Searing Ray
   744 | D:1      | Reached XP level 3. HP: 19/19 MP: 2/10
  1503 | D:3      | Reached skill level 5 in Conjurations
  1547 | D:3      | Reached XP level 4. HP: 24/24 MP: 2/12
  1787 | D:3      | Found a faded altar of an unknown god.
  1795 | D:3      | Got Plato's Papyrus of Ignition
  1946 | D:3      | Found a sparkling altar of Nemelex Xobeh.
  1972 | D:3      | Noticed a centaur
  1990 | D:3      | Slain by a centaur

Illustrated notes

Levels and vault maps discovered:
D:1:      psy_arrival_statuary, layout_rooms
D:2:      layout_rooms, minmay_misc_feat_square, minmay_pentomino_r2
D:3:      layout_basic, mainiacjoe_overflow_catch_the_wave, serial_forest,
          infiniplex_forest_straight_2, infiniplex_forest_side_room,
          infiniplex_forest_straight_4, infiniplex_forest_clump_long,
          infiniplex_forest_clump_long, infiniplex_forest_corner_2,
          infiniplex_forest_zigzag_1, shapermc_ecumenical_altar_rom_forum,
          hangedman_abyss_or_decor_stabs, minmay_misc_feat_iff, corexii_shack,
          uniq_terence

Skill      XL: |  1  2  3 |
---------------+----------+-----
Dodging        | 3 |  3.7
Spellcasting   | 4 |  4.3
Conjurations   | 5 |  5.1
Stealth        | |  2.4

Action                   |  1- 3 |  4- 6 || total
-------------------------+-------+-------++-------
Melee: Unarmed           |     5 |       ||     5
 Cast: Magic Dart        |    62 |    11 ||    73
       Searing Ray       |     4 |     3 ||     7
Armor: Robe              |       |     4 ||     4
Dodge: Dodged            |     6 |    13 ||    19

Table legend: (Time is in decaauts)
 A = Elapsed time spent in this place.
 B = Non-inter-level travel time spent in this place.
 C = Inter-level travel time spent in this place.
 D = Time resting spent in this place.
 E = Time spent auto-exploring this place.
 F = Levels seen in this place.
 G = Mean time per level.
                   A        B        C        D        E       F      G
               +--------+--------+--------+--------+--------+-----+--------+
         Total |   1989 |   1966 |     23 |      4 |   1756 |   3 |  663.0 |
       Dungeon |   1989 |   1966 |     23 |      4 |   1756 |   3 |  663.0 |
               +--------+--------+--------+--------+--------+-----+--------+

Top non-repeatable levels by time:
     D:1: 960 daAuts
     D:2: 520 daAuts
     D:3: 508 daAuts
